 Dungeon Crawl Stone Soup version 0.19-a0-4-ga5c5ac4 (webtiles) character file.

6192 nono the Slicer (level 11, -4/66 HPs)
             Began as a Halfling Fighter on Apr 28, 2016.
             Was an Elder of Dithmenos.
             Slain by a komodo dragon (17 damage)
             ... on level 1 of the Lair of Beasts.
             The game lasted 00:26:27 (10785 turns).

nono the Slicer (Halfling Fighter)                 Turns: 10785, Time: 00:26:28

Health: -4/66      AC: 14    Str: 21    XL:     11   Next: 14%
Magic:  11/11      EV: 15    Int:  7    God:    Dithmenos [****..]
Gold:   523        SH: 13    Dex: 18    Spells: 0 memorised, 10 levels left

rFire  . . .     SeeInvis .     N - +3 long sword
rCold  . . .     Gourm    .     C - +0 chain mail
rNeg   . . .     Faith    .     c - +0 shield
rPois  +         Spirit   .     I - +0 helmet
rElec  .         Dismiss  .     (no cloak)
rCorr  .         Reflect  .     (no gloves)
SustAt .         Harm     .     D - +0 pair of boots
MR     .....                    (no amulet)
Stlth  ..........               (no ring)
                                z - ring of poison resistance

@: mighty, wreathed by umbra, not resistant to hostile enchantments, extremely
unstealthy
A: mutation resistance 1
a: Shadow Step, Renounce Religion


You were on level 1 of the Lair of Beasts.
You worshipped Dithmenos.
Dithmenos was greatly pleased with you.
You were very hungry.

You visited 3 branches of the dungeon, and saw 12 of its levels.

You collected 523 gold pieces.

Inventory:

Hand Weapons
 a - a +0 dagger of holy wrath
 b - a +0 short sword of venom
 x - a +0 rapier
 N - a +3 long sword (weapon)
Armour
 c - a +0 shield (worn)
 C - a +0 chain mail (worn)
 D - a +0 pair of boots (worn)
 I - a +0 helmet (worn)
Jewellery
 z - a ring of poison resistance (left hand)
 H - an uncursed ring of wizardry
Wands
 r - a wand of lightning (5/15)
 F - a wand of slowing (30/48)
 P - a wand of polymorph (17/24)
Scrolls
 e - a scroll of fear {unknown}
 h - 3 scrolls of identify
 i - 2 scrolls of enchant weapon {unknown}
 j - 3 scrolls of noise {unknown}
 k - a scroll of torment {unknown}
 l - 2 scrolls of enchant armour {unknown}
 m - 2 scrolls of recharging {unknown}
 o - 2 scrolls of magic mapping {unknown}
 u - 2 scrolls of immolation {unknown}
 v - 3 scrolls of remove curse
 w - 2 scrolls of amnesia {unknown}
 y - 2 scrolls of random uselessness {unknown}
 A - 2 scrolls of fog {unknown}
 B - 2 scrolls of teleportation {unknown}
Potions
 d - a potion of might
 q - 3 potions of lignification
 E - a potion of flight
 G - a potion of magic
 J - a potion of cancellation
 O - a potion of invisibility
Books
 L - a book of Power

   Spells                             Type                      Level
   a - Fulminant Prism                Conjuration/Hexes            4
   b - Iskenderun's Mystic Blast      Conjuration                  4
   c - Venom Bolt                     Conjuration/Poison           5
   d - Bolt of Magma                  Conjuration/Fire/Earth       5
   e - Iron Shot                      Conjuration/Earth            6
   f - Orb of Destruction             Conjuration                  7
   g - Spellforged Servitor           Conjuration/Summoning        7
Comestibles
 f - 4 bread rations
 g - 7 meat rations
 n - a slice of pizza
 s - a royal jelly
 K - 3 beef jerkies


   Skills:
 - Level 2.6 Fighting
 - Level 9.4(9.6) Short Blades
 - Level 2.0(5.0) Long Blades
 - Level 9.2 Armour
 - Level 9.0 Dodging
 + Level 4.2 Stealth
 - Level 9.4 Shields


You had 10 spell levels left.
You didn't know any spells.

Dungeon Overview and Level Annotations

Branches:
Dungeon (10/15)            Temple (1/1) D:5            Lair (1/8) D:10
    Orc: D:9-12

Altars:
Ashenzari
Cheibriados
Dithmenos
Elyvilon
Fedhas
Gozag
Kikubaaqudgha
Makhleb
Nemelex Xobeh
Okawaru
Pakellas
Qazlal
Ru
Sif Muna
Trog
Vehumet
Xom
Yredelemnul
Zin
The Shining One


Innate Abilities, Weirdness & Mutations

You are small and have problems with some larger weapons.
You are somewhat resistant to further mutation.


Message History

Drink which item? (? for menu, Esc to quit)
You feel very mighty all of a sudden. You block the black mamba's attack. x2
You slash the black mamba!
The black mamba is severely wounded.
The black mamba closely misses you. You block the black mamba's attack.
You hit the black mamba.
The black mamba is almost dead.
You block the black mamba's attack. The black mamba barely misses you.
You slash the black mamba!
You kill the black mamba!
Dithmenos accepts your kill.
Your Stealth skill gained 2 levels and is now at level 4!
You completely miss the komodo dragon. You block the komodo dragon's attack.
Drink which item? (? for menu, Esc to quit)
Okay, then.
You hit the komodo dragon.
The komodo dragon is lightly wounded.
The komodo dragon bites you!
You die...

#..........
##......#
##.#<..#
#.....##
##.####
##.# #.r#
##l# #@#
#..# #P..
##.## #.#
#.# ..# .##


You could see a komodo dragon and a porcupine.

Vanquished Creatures
  A black mamba (Lair:1)
  5 yaks
  The ghost of no0bjke the Chopper, an amateur MiBe of Trog (D:3)
  A hungry ghost (D:7)
  Menkaure (D:4)
  4 orc warriors
  An ice beast (D:9)
  3 sky beasts
  5 ogres
  A phantom (D:9)
  A wasp (D:9)
  4 centaurs
  4 giant frogs
  3 big kobolds
  A gnoll sergeant (D:6)
  A scorpion (D:7)
  A killer bee (D:6)
  8 howler monkeys
  10 crimson imps
  A gnoll shaman (D:6)
  A centaur zombie (D:8)
  11 hounds
  2 jellies
  7 orc priests
  11 orc wizards
  A centaur skeleton (D:9)
  7 worker ants
  An iguana (D:5)
  A hound zombie (D:7)
  A hound skeleton (D:4)
  8 adders
  18 gnolls
  3 shadow imps
  3 oozes
  An adder zombie (D:7)
  4 worms
  2 dart slugs (D:1)
  6 giant geckos
  27 orcs
  11 bats
  A bat zombie (D:9)
  6 giant cockroaches
  8 goblins
  9 hobgoblins
  12 jackals
  4 quokkas
  4 giant newts
  17 kobolds
  2 rats
  A rat zombie (D:9)
  A butterfly (D:5)
248 creatures vanquished.

Vanquished Creatures (others)
  Psyche (D:8)
1 creature vanquished.

Grand Total: 249 creatures vanquished

Notes
Turn   | Place    | Note
--------------------------------------------------------------
     0 | D:1      | nono the Halfling Fighter began the quest for the Orb.
     0 | D:1      | Reached XP level 1. HP: 15/15 MP: 1/1
   403 | D:1      | Reached XP level 2. HP: 19/20 MP: 2/2
   503 | D:1      | Reached XP level 3. HP: 22/25 MP: 3/3
   901 | D:1      | Found a shattered altar of Ashenzari.
   991 | D:2      | Found a bloodstained altar of Trog.
  1139 | D:2      | Reached XP level 4. HP: 15/30 MP: 4/4
  1182 | D:2      | Found a sparkling altar of Nemelex Xobeh.
  1510 | D:3      | Noticed no0bjke's ghost (amateur MiBe)
  1518 | D:3      | Killed no0bjke's ghost
  1518 | D:3      | Reached skill level 5 in Shields
  1518 | D:3      | Reached XP level 5. HP: 27/35 MP: 5/5
  1518 | D:3      | Reached XP level 6. HP: 31/41 MP: 6/6
  2135 | D:4      | Reached skill level 5 in Short Blades
  2135 | D:4      | Reached skill level 5 in Armour
  2318 | D:4      | Noticed Menkaure
  2589 | D:5      | Entered Level 5 of the Dungeon
  2631 | D:5      | Noticed a sky beast
  2647 | D:5      | Killed a sky beast
  2647 | D:5      | Reached XP level 7. HP: 36/45 MP: 7/7
  2727 | D:5      | Found a staircase to the Ecumenical Temple.
  2738 | Temple   | Entered the Ecumenical Temple
  2785 | Temple   | Became a worshipper of Dithmenos the Shadowed
  3596 | D:5      | Reached XP level 8. HP: 34/51 MP: 8/8
  4094 | D:5      | Found a basalt altar of Yredelemnul.
  4790 | D:4      | Killed Menkaure
  5095 | D:4      | Found an opulent altar of Gozag.
  5095 | D:4      | Found a glowing silver altar of Zin.
  5715 | D:5      | Reached * piety under Dithmenos
  5715 | D:5      | Reached XP level 9. HP: 43/55 MP: 9/9
  5938 | D:6      | Reached skill level 1 in Dodging
  6604 | D:6      | Reached skill level 5 in Dodging
  7077 | D:6      | Reached ** piety under Dithmenos
  7832 | D:7      | Reached XP level 10. HP: 59/61 MP: 10/10
  7861 | D:7      | Found an iron altar of Okawaru.
  7863 | D:7      | Found an oddly glowing altar of Pakellas.
  8913 | D:8      | Noticed Psyche
  8959 | D:8      | Killed Psyche
  8966 | D:8      | Reached *** piety under Dithmenos
  9792 | D:9      | Reached skill level 1 in Long Blades
  9852 | D:9      | Found a shattered altar of Ashenzari.
 10098 | D:9      | Reached XP level 11. HP: 66/66 MP: 11/11
 10269 | D:9      | Found an ancient bone altar of Kikubaaqudgha.
 10336 | D:9      | Reached **** piety under Dithmenos
 10402 | D:9      | Reached skill level 1 in Stealth
 10510 | D:10     | Entered Level 10 of the Dungeon
 10510 | D:10     | Found a staircase to the Lair.
 10746 | Lair:1   | Entered Level 1 of the Lair of Beasts
 10785 | Lair:1   | Slain by a komodo dragon

Vault maps used:
D:1:      dpeg_arrival_connections, evilmike_ruin_ashenzari
D:2:      nemelex_deck, bloody_trog
D:4:      grunt_temple_overflow_gold_and_silver, first_bread, uniq_menkaure
D:5:      kennysheep_mini, minmay_temple_entry_butterflies
D:6:      kennysheep_housing_project, serial_bayou_crossing
D:7:      nicolae_overflow_hidden_temple, grunt_ministairs_6
D:8:      uniq_psyche
D:9:      lemuel_zombie_altar_kikubaaqudgha, nicolae_overflow_crystal_walls
D:10:     kennysheep_town, uniq_snorg, uniq_joseph, uniq_gastronok
Temple:   triangle_lava_temple_11

Skill      XL: |  1  2  3  4  5  6  7  8  9 10 11 |
---------------+----------------------------------+-----
Short Blades   | 3 4 5 6 8 9 |  9.4
Shields        | 4 5 6 7 9 |  9.4
Armour         | 4 5 6 7 9 |  9.2
Dodging        | 7 8 9 |  9.0
Long Blades    | 1 2 |  2.0
Stealth        | 4 |  4.2
Fighting       | |  2.6

Action                   |  1- 3 |  4- 6 |  7- 9 | 10-12 || total
-------------------------+-------+-------+-------+-------++-------
Melee: Rapier            |    51 |       |       |       ||    51
       Short sword       |    48 |    94 |   636 |   500 ||  1278
       Dagger            |       |       |    43 |   137 ||   180
       Long sword        |       |       |       |    13 ||    13
  Use: Potion            |       |     1 |       |     2 ||     3
       Scroll            |       |       |       |    10 ||    10
  Eat: Chunk             |       |     5 |    16 |    10 ||    31
       Pizza             |       |       |     1 |       ||     1
       Royal jelly       |       |       |       |     1 ||     1
       Beef jerky        |       |       |       |     1 ||     1
Armor: Scale mail        |    34 |    38 |    41 |       ||   113
       Chain mail        |       |       |   148 |   112 ||   260
Dodge: Dodged            |    27 |    22 |   176 |   202 ||   427
Block: Shield            |    35 |    55 |   350 |   288 ||   728
